| TOP OF THE 1ST |
|
West Virginia Power batting - Pitching for Peoria Chiefs : LHP Kurt Sutton
|
|
Pitching: LHP Kurt Sutton
|
|
|
Batting: LHB Joe Hoover
|
0-0: Ground out 4-3 (Groundball, 4, EV 84.4 MPH)
|
|
Batting: RHB Richard Barrios
|
0-0: Ball 1-0: Foul Ball, location: 2F 1-1: Called Strike 1-2: Ball 2-2: Ball 3-2: Foul Ball, location: 2F 3-2: Ground out 6-3 (Groundball, 6, EV 81.2 MPH)
|
|
Batting: RHB Freddy Quintero
|
0-0: Foul Ball, location: 2F 0-1: Called Strike 0-2: SINGLE (Groundball, 56D, EV 105.6 MPH)
|
|
Pitching: RHP Ray Strehler
|
|
|
Batting: SHB Mike Corley
|
0-0: Ball Freddy Quintero steals 2nd base 1-0: Called Strike 1-1: Swinging Strike 1-2: Ground out U3 (Groundball, 3, EV 102.5 MPH)
|
| Top of the 1st over - 0 runs, 1 hit, 0 errors, 1 left on base; West Virginia 0 - Peoria 0 |
| BOTTOM OF THE 1ST |
|
Peoria Chiefs batting - Pitching for West Virginia Power : LHP Jim Turan
|
|
Pitching: LHP Jim Turan
|
|
|
Batting: RHB Fortunato Fteira
|
0-0: Called Strike 0-1: Ground out U3 (Groundball, 3S, EV 76.9 MPH)
|
|
Batting: RHB Richard Riggs
|
0-0: Called Strike 0-1: Ball 1-1: Foul Ball, location: 2F 1-2: Ball 2-2: Foul Ball, location: 2F 2-2: Ball 3-2: Ground out 4-3 (Groundball, 34D, EV 103.1 MPH)
|
|
Batting: RHB Joe Alley
|
0-0: Ball 1-0: Ground out 4-3 (Groundball, 4, EV 80.6 MPH)
|
| Bottom of the 1st over - 0 runs, 0 hits, 0 errors, 0 left on base; West Virginia 0 - Peoria 0 |
| TOP OF THE 2ND |
|
West Virginia Power batting - Pitching for Peoria Chiefs : RHP Ray Strehler
|
|
Batting: RHB Ted Goldblatt
|
0-0: Ball 1-0: Ball 2-0: Ground out 5-3 (Groundball, 56, EV 86.9 MPH)
|
|
Batting: RHB Roberto Guzman
|
0-0: Called Strike 0-1: Fly out, F8 (Flyball, 8RXD, EV 81.2 MPH)
|
|
Batting: LHB Brandon Sarni
|
0-0: Ball 1-0: Called Strike 1-1: Ball 2-1: TRIPLE (Flyball, 78XD, EV 87.5 MPH)
|
|
Batting: RHB Jose Lozano
|
0-0: Called Strike 0-1: Ball 1-1: Ball 2-1: Ground out 5-3 (Groundball, 5, EV 83.8 MPH)
|
| Top of the 2nd over - 0 runs, 1 hit, 0 errors, 1 left on base; West Virginia 0 - Peoria 0 |
| BOTTOM OF THE 2ND |
|
Peoria Chiefs batting - Pitching for West Virginia Power : LHP Jim Turan
|
|
Batting: RHB Tyler Walker
|
0-0: Ball 1-0: Ball 2-0: Swinging Strike 2-1: Foul Ball, location: 2F 2-2: Foul Ball, location: 2F 2-2: Ball 3-2: Strikes out swinging, 2-3 out at first.
|
|
Batting: RHB Josh Broome
|
0-0: Called Strike 0-1: Ground out 5-3 (Groundball, 56S, EV 90.0 MPH)
|
|
Batting: RHB Tim Cleary
|
0-0: Ball 1-0: Ball 2-0: Ground out 4-3 (Groundball, 4, EV 100.0 MPH)
|
| Bottom of the 2nd over - 0 runs, 0 hits, 0 errors, 0 left on base; West Virginia 0 - Peoria 0 |
| TOP OF THE 3RD |
|
West Virginia Power batting - Pitching for Peoria Chiefs : RHP Ray Strehler
|
|
Batting: RHB Steve Dennis
|
0-0: Ball 1-0: Ground out 5-3 (Groundball, 56S, EV 89.4 MPH)
|
|
Batting: LHB Joe Hoover
|
0-0: Ball 1-0: Ball 2-0: Called Strike 2-1: Foul Ball, location: 2F 2-2: Ball 3-2: Base on Balls
|
|
Batting: RHB Richard Barrios
|
0-0: Called Strike Joe Hoover steals 2nd base 0-1: Ball Wild Pitch! Joe Hoover to third 1-1: Foul Ball, location: 2F 1-2: Ball 2-2: Ball 3-2: Base on Balls
|
|
Batting: RHB Freddy Quintero
|
0-0: Ball 1-0: Called Strike 1-1: Foul Ball, location: 2F 1-2: Ball 2-2: Ball Richard Barrios steals 2nd base 3-2: SINGLE (Groundball, 34D, EV 105.0 MPH) Joe Hoover scores Richard Barrios to third Runner from 3rd tries for Home, SAFE, throw by RF to home
|
|
Batting: SHB Mike Corley
|
0-0: Swinging Strike 0-1: Ball 1-1: Ball 2-1: Foul Ball, location: 2F 2-2: Ball 3-2: Fielders Choice at 2nd, 5-4 (Groundball, 56, EV 86.2 MPH)
|
|
Batting: RHB Ted Goldblatt
|
0-0: Ball 1-0: Ball 2-0: Swinging Strike 2-1: Ball Mike Corley steals 2nd base 3-1: Foul Ball, location: 2F 3-2: Strikes out swinging
|
| Top of the 3rd over - 2 runs, 1 hit, 0 errors, 1 left on base; West Virginia 2 - Peoria 0 |
| BOTTOM OF THE 3RD |
|
Peoria Chiefs batting - Pitching for West Virginia Power : LHP Jim Turan
|
|
Batting: RHB Tommy Tracy
|
0-0: SINGLE (Groundball, 6D, EV 108.8 MPH)
|
|
Batting: SHB Hank Arias
|
0-0: Ball Wild Pitch! Tommy Tracy to second 1-0: Called Strike 1-1: Ball 2-1: Foul Ball, location: 2F 2-2: Foul Ball, location: 2F 2-2: Foul Ball, location: 2F 2-2: Ball 3-2: Foul Ball, location: 2F 3-2: Ground out 5-3 (Groundball, 56S, EV 91.2 MPH)
|
|
Batting: RHB Yorkis Saiki
|
0-0: Ball 1-0: Ball 2-0: Fly out, F9 (Flyball, 9LSF, EV 90.0 MPH)
|
|
Batting: RHB Fortunato Fteira
|
0-0: Ball 1-0: Called Strike 1-1: Ball 2-1: Ball 3-1: Foul Ball, location: 2F 3-2: Base on Balls
|
|
Batting: RHB Richard Riggs
|
0-0: Ball 1-0: Ball 2-0: Ball 3-0: Base on Balls Tommy Tracy to third Fortunato Fteira to second
|
|
Batting: RHB Joe Alley
|
0-0: Ball 1-0: Foul Ball, location: 2F 1-1: Ground out 3-1 (Groundball, 34S, EV 83.8 MPH)
|
| Bottom of the 3rd over - 0 runs, 1 hit, 0 errors, 3 left on base; West Virginia 2 - Peoria 0 |
| TOP OF THE 4TH |
|
West Virginia Power batting - Pitching for Peoria Chiefs : RHP Ray Strehler
|
|
Batting: RHB Roberto Guzman
|
0-0: Ball 1-0: Called Strike 1-1: Foul Ball, location: 2F 1-2: Foul Ball, location: 2F 1-2: Foul Ball, location: 2F 1-2: Foul Ball, location: 2F 1-2: Ball 2-2: Ground out 4-3 (Groundball, 4, EV 101.9 MPH)
|
|
Pitching: RHP Kohsuke Naito
|
|
|
Batting: LHB Brandon Sarni
|
0-0: Ball 1-0: Foul Ball, location: 2F 1-1: Swinging Strike 1-2: Foul Ball, location: 2F 1-2: Ball 2-2: Foul Ball, location: 2F 2-2: Fly out, F7 (Flyball, 78S, EV 92.5 MPH)
|
|
Batting: RHB Jose Lozano
|
0-0: Ball 1-0: Called Strike 1-1: Ground out 6-3 (Groundball, 6, EV 80.0 MPH)
|
| Top of the 4th over - 0 runs, 0 hits, 0 errors, 0 left on base; West Virginia 2 - Peoria 0 |
| BOTTOM OF THE 4TH |
|
Peoria Chiefs batting - Pitching for West Virginia Power : LHP Jim Turan
|
|
Batting: RHB Tyler Walker
|
0-0: Ball 1-0: Ball 2-0: Ball 3-0: Called Strike 3-1: Base on Balls
|
|
Batting: RHB Josh Broome
|
0-0: Foul Ball, location: 2F 0-1: Ball 1-1: SINGLE (Groundball, 4D, EV 93.8 MPH) Tyler Walker to second Runner from 2nd tries for 3rd, SAFE, throw by CF made to third
|
|
Batting: RHB Tim Cleary
|
0-0: Ball 1-0: Ball 2-0: Foul Ball, location: 2F 2-1: Ball 3-1: Foul Ball, location: 2F 3-2: Strikes out looking
|
|
Batting: RHB Tommy Tracy
|
0-0: Ball 1-0: Fielders Choice at 2nd, 6-4 (Groundball, 6, EV 80.0 MPH) Tyler Walker scores
|
|
Batting: SHB Hank Arias
|
0-0: Ball Wild Pitch! Tommy Tracy to second 1-0: Foul Ball, location: 2F 1-1: Foul Ball, location: 2F 1-2: Strikes out swinging
|
| Bottom of the 4th over - 1 run, 1 hit, 0 errors, 1 left on base; West Virginia 2 - Peoria 1 |
| TOP OF THE 5TH |
|
West Virginia Power batting - Pitching for Peoria Chiefs : RHP Kohsuke Naito
|
|
Batting: RHB Steve Dennis
|
0-0: DOUBLE (Line Drive, 7LM, EV 102.5 MPH)
|
|
Batting: LHB Joe Hoover
|
0-0: Ground out U3 (Groundball, 34, EV 84.4 MPH) Steve Dennis to third
|
|
Batting: RHB Richard Barrios
|
0-0: Ball 1-0: Swinging Strike 1-1: Ball 2-1: Reached on error, E4 (Groundball, 13, EV 91.2 MPH) Steve Dennis scores
|
|
Batting: RHB Freddy Quintero
|
0-0: Called Strike 0-1: Foul Ball, location: 2F 0-2: Ball 1-2: Strikes out swinging
|
|
Batting: SHB Mike Corley
|
0-0: Foul Ball, location: 2F 0-1: Called Strike Richard Barrios steals 2nd base 0-2: Ball 1-2: Ball 2-2: Ball 3-2: Intentional Walk
|
|
Batting: RHB Ted Goldblatt
|
0-0: Ground out 6-3 (Groundball, 4MS, EV 69.4 MPH)
|
| Top of the 5th over - 1 run, 1 hit, 1 error, 2 left on base; West Virginia 3 - Peoria 1 |
| BOTTOM OF THE 5TH |
|
Peoria Chiefs batting - Pitching for West Virginia Power : LHP Jim Turan
|
|
Batting: RHB Yorkis Saiki
|
0-0: Called Strike 0-1: Ground out 4-3 (Groundball, 34, EV 81.9 MPH)
|
|
Batting: RHB Fortunato Fteira
|
0-0: Ball 1-0: Ball 2-0: Called Strike 2-1: Ground out 3-1 (Groundball, 34S, EV 86.2 MPH)
|
|
Batting: RHB Richard Riggs
|
0-0: Ball 1-0: Ball 2-0: Ball 3-0: Fly out, F9 (Flyball, 9, EV 85.6 MPH)
|
| Bottom of the 5th over - 0 runs, 0 hits, 0 errors, 0 left on base; West Virginia 3 - Peoria 1 |
| TOP OF THE 6TH |
|
West Virginia Power batting - Pitching for Peoria Chiefs : RHP Kohsuke Naito
|
|
Batting: RHB Roberto Guzman
|
0-0: DOUBLE (Groundball, 3L, EV 108.1 MPH)
|
|
Batting: LHB Brandon Sarni
|
0-0: Intentional Walk
|
|
Pitching: RHP Nick Peters
|
|
|
Batting: RHB Jose Lozano
|
0-0: Called Strike 0-1: Called Strike 0-2: Ball 1-2: Foul Ball, location: 2F 1-2: Ball 2-2: Ball 3-2: Strikes out swinging
|
|
Batting: RHB Steve Dennis
|
0-0: Fly out, F8 (Line Drive, 78S, EV 91.9 MPH)
|
|
Batting: LHB Joe Hoover
|
0-0: Swinging Strike 0-1: Ball 1-1: Ball Wild Pitch! Roberto Guzman to third Brandon Sarni to second 2-1: Ball 3-1: Base on Balls
|
|
Batting: RHB Richard Barrios
|
0-0: Fly out, F7 (Flyball, 7, EV 88.1 MPH)
|
| Top of the 6th over - 0 runs, 1 hit, 0 errors, 3 left on base; West Virginia 3 - Peoria 1 |
| BOTTOM OF THE 6TH |
|
Peoria Chiefs batting - Pitching for West Virginia Power : LHP Jim Turan
|
|
Batting: RHB Joe Alley
|
0-0: Foul Ball, location: 2F 0-1: Foul Ball, location: 2F 0-2: Ball 1-2: Ball 2-2: SINGLE (Line Drive, 8LS, EV 99.4 MPH)
|
|
Batting: RHB Tyler Walker
|
0-0: Ball 1-0: Foul Ball, location: 2F 1-1: SINGLE (Groundball, 56D, EV 107.5 MPH) Joe Alley to second
|
|
Batting: RHB Josh Broome
|
0-0: Ball 1-0: Foul Ball, location: 2F 1-1: Foul Ball, location: 2F 1-2: Foul Ball, location: 2F 1-2: Foul Ball, location: 2F 1-2: Ball 2-2: Ball 3-2: Base on Balls Joe Alley to third Tyler Walker to second
|
|
Batting: RHB Tim Cleary
|
0-0: Ball 1-0: Swinging Strike 1-1: Called Strike 1-2: Fly out, F6 (Line Drive, 6, EV 70.6 MPH) Lined into DP, 6-4 (Line Drive, 6, EV 75.0 MPH)
|
|
Pitching: RHP Mike Rosen
|
|
|
Batting: RHB Tommy Tracy
|
0-0: Ball Wild Pitch! Joe Alley scores Josh Broome to second 1-0: Foul Ball, location: 2F 1-1: DOUBLE (Groundball, 5L, EV 105.0 MPH) Josh Broome scores
|
|
Batting: SHB Hank Arias
|
0-0: Foul Ball, location: 2F 0-1: Ball 1-1: Fly out, F8 (Flyball, 8RS, EV 90.0 MPH)
|
| Bottom of the 6th over - 2 runs, 3 hits, 0 errors, 1 left on base; West Virginia 3 - Peoria 3 |
| TOP OF THE 7TH |
|
West Virginia Power batting - Pitching for Peoria Chiefs : RHP Nick Peters
|
|
Batting: RHB Freddy Quintero
|
0-0: Ball 1-0: SINGLE (Groundball, 6MD, EV 105.6 MPH)
|
|
Batting: SHB Mike Corley
|
0-0: Foul Ball, location: 2F 0-1: Foul Ball, location: 2F 0-2: Ball 1-2: Ball 2-2: Ball 3-2: Fly out, F6 (Line Drive, 6, EV 62.5 MPH)
|
|
Pinch Hitting: RHB Mike Velazquez
|
0-0: Called Strike 0-1: Fly out, F5 (Flyball, 56D, EV 85.0 MPH)
|
|
Batting: RHB Roberto Guzman
|
0-0: Hit by Pitch Freddy Quintero to second
|
|
Batting: LHB Brandon Sarni
|
0-0: Ball 1-0: Fly out, F3 (Popup, 3, EV 79.4 MPH)
|
| Top of the 7th over - 0 runs, 1 hit, 0 errors, 2 left on base; West Virginia 3 - Peoria 3 |
| BOTTOM OF THE 7TH |
|
Peoria Chiefs batting - Pitching for West Virginia Power : RHP Mike Rosen
|
|
Now at 2B: Donald Imre
|
|
|
Now at 3B: Richard Barrios
|
|
|
Now at SS: Brandon Sarni
|
|
|
Batting: RHB Yorkis Saiki
|
0-0: Ground out 5-3 (Groundball, 5L, EV 84.4 MPH)
|
|
Batting: RHB Fortunato Fteira
|
0-0: Ball 1-0: Ball 2-0: Foul Ball, location: 2F 2-1: Ball 3-1: SINGLE (Groundball, 56D, EV 100.0 MPH)
|
|
Batting: RHB Richard Riggs
|
0-0: Ball 1-0: Called Strike 1-1: Called Strike Fortunato Fteira steals 2nd base 1-2: Strikes out looking
|
|
Batting: RHB Joe Alley
|
0-0: Called Strike 0-1: Foul Ball, location: 2F 0-2: Strikes out looking
|
| Bottom of the 7th over - 0 runs, 1 hit, 0 errors, 1 left on base; West Virginia 3 - Peoria 3 |
| TOP OF THE 8TH |
|
West Virginia Power batting - Pitching for Peoria Chiefs : RHP Nick Peters
|
|
Pitching: RHP Ricky Enriquez
|
|
|
Batting: RHB Jose Lozano
|
0-0: Foul Ball, location: 2F 0-1: Swinging Strike 0-2: Strikes out swinging
|
|
Batting: RHB Steve Dennis
|
0-0: Foul Ball, location: 2F 0-1: Called Strike 0-2: Foul Ball, location: 2F 0-2: Ball 1-2: Foul Ball, location: 2F 1-2: Strikes out looking
|
|
Batting: LHB Joe Hoover
|
0-0: Bunt missed! 0-1: Ball 1-1: Foul Ball, location: 2F 1-2: Ball 2-2: Hit by Pitch
|
|
Batting: RHB Richard Barrios
|
0-0: Called Strike 0-1: Called Strike 0-2: Ball 1-2: Strikes out swinging
|
| Top of the 8th over - 0 runs, 0 hits, 0 errors, 1 left on base; West Virginia 3 - Peoria 3 |
| BOTTOM OF THE 8TH |
|
Peoria Chiefs batting - Pitching for West Virginia Power : RHP Mike Rosen
|
|
Batting: RHB Tyler Walker
|
0-0: Foul Ball, location: 2F 0-1: Ball 1-1: Ball 2-1: Fly out, F9 (Flyball, 89XD, EV 99.4 MPH)
|
|
Batting: RHB Josh Broome
|
0-0: Ball 1-0: Fly out, F9 (Line Drive, 89M, EV 97.5 MPH)
|
|
Batting: RHB Tim Cleary
|
0-0: Swinging Strike 0-1: Ball 1-1: SINGLE (Groundball, 34D, EV 96.9 MPH)
|
|
Batting: RHB Tommy Tracy
|
0-0: Ball 1-0: Fly out, F9 (Flyball, 9, EV 80.0 MPH)
|
| Bottom of the 8th over - 0 runs, 1 hit, 0 errors, 1 left on base; West Virginia 3 - Peoria 3 |
| TOP OF THE 9TH |
|
West Virginia Power batting - Pitching for Peoria Chiefs : RHP Ricky Enriquez
|
|
Pitching: LHP John Grinter
|
|
|
Batting: RHB Freddy Quintero
|
0-0: Ball 1-0: Swinging Strike 1-1: Foul Ball, location: 2F 1-2: Strikes out swinging
|
|
Batting: SHB Mike Corley
|
0-0: Ball 1-0: Ground out 6-3 (Groundball, 6, EV 106.2 MPH)
|
|
Batting: LHB Donald Imre
|
0-0: Called Strike 0-1: Ground out 5-3 (Groundball, 56, EV 91.2 MPH)
|
| Top of the 9th over - 0 runs, 0 hits, 0 errors, 0 left on base; West Virginia 3 - Peoria 3 |
| BOTTOM OF THE 9TH |
|
Peoria Chiefs batting - Pitching for West Virginia Power : RHP Mike Rosen
|
|
Batting: SHB Hank Arias
|
0-0: Ball 1-0: Called Strike 1-1: Ball 2-1: Swinging Strike 2-2: Ground out 5-3 (Groundball, 56S, EV 68.8 MPH)
|
|
Batting: RHB Yorkis Saiki
|
0-0: Ball 1-0: Foul Ball, location: 2F 1-1: Foul Ball, location: 2F 1-2: Ball 2-2: SINGLE (Groundball, 56D, EV 102.5 MPH)
|
|
Batting: RHB Fortunato Fteira
|
0-0: Called Strike 0-1: Ball 1-1: Ball 2-1: Ball 3-1: Base on Balls Yorkis Saiki to second
|
|
Batting: RHB Richard Riggs
|
0-0: Ball 1-0: Ball 2-0: Foul Ball, location: 2F 2-1: Ball 3-1: Foul Ball, location: 2F 3-2: Strikes out swinging
|
|
Batting: RHB Joe Alley
|
0-0: Swinging Strike 0-1: Called Strike 0-2: Foul Ball, location: 2F 0-2: Foul Ball, location: 2F 0-2: Strikes out swinging
|
| Bottom of the 9th over - 0 runs, 1 hit, 0 errors, 2 left on base; West Virginia 3 - Peoria 3 |
| TOP OF THE 10TH |
|
West Virginia Power batting - Pitching for Peoria Chiefs : LHP John Grinter
|
|
Batting: RHB Roberto Guzman
|
0-0: Fly out, F9 (Flyball, 9D, EV 107.5 MPH)
|
|
Batting: LHB Brandon Sarni
|
0-0: Ball 1-0: Foul Ball, location: 2F 1-1: Foul Ball, location: 2F 1-2: Strikes out looking
|
|
Batting: RHB Jose Lozano
|
0-0: Ground out 5-3 (Groundball, 56, EV 93.1 MPH)
|
| Top of the 10th over - 0 runs, 0 hits, 0 errors, 0 left on base; West Virginia 3 - Peoria 3 |
| BOTTOM OF THE 10TH |
|
Peoria Chiefs batting - Pitching for West Virginia Power : RHP Mike Rosen
|
|
Pitching: RHP Franklin Amaro
|
|
|
Batting: RHB Tyler Walker
|
0-0: Called Strike 0-1: Called Strike 0-2: Ball 1-2: Ball 2-2: Ball 3-2: Foul Ball, location: 2F 3-2: Fly out, F9 (Flyball, 9, EV 91.2 MPH)
|
|
Batting: RHB Josh Broome
|
0-0: Ball 1-0: Swinging Strike 1-1: Called Strike 1-2: Ball 2-2: Foul Ball, location: 2F 2-2: Strikes out swinging
|
|
Batting: RHB Tim Cleary
|
0-0: Ball 1-0: Ground out 6-3 (Groundball, 6, EV 96.9 MPH)
|
| Bottom of the 10th over - 0 runs, 0 hits, 0 errors, 0 left on base; West Virginia 3 - Peoria 3 |
| TOP OF THE 11TH |
|
West Virginia Power batting - Pitching for Peoria Chiefs : LHP John Grinter
|
|
Batting: RHB Steve Dennis
|
0-0: Ball 1-0: Ball 2-0: Swinging Strike 2-1: Called Strike 2-2: Strikes out looking
|
|
Batting: LHB Joe Hoover
|
0-0: Foul Ball, location: 2F 0-1: Foul Ball, location: 2F 0-2: Ball 1-2: Strikes out looking
|
|
Batting: RHB Richard Barrios
|
0-0: Foul Ball, location: 2F 0-1: Ground out 6-3 (Groundball, 56, EV 107.5 MPH)
|
| Top of the 11th over - 0 runs, 0 hits, 0 errors, 0 left on base; West Virginia 3 - Peoria 3 |
| BOTTOM OF THE 11TH |
|
Peoria Chiefs batting - Pitching for West Virginia Power : RHP Franklin Amaro
|
|
Batting: RHB Tommy Tracy
|
0-0: Called Strike 0-1: Ball 1-1: Ground out 5-3 (Groundball, 5, EV 78.8 MPH)
|
|
Batting: SHB Hank Arias
|
0-0: Foul Ball, location: 2F 0-1: Called Strike 0-2: Ball 1-2: Ball 2-2: Foul Ball, location: 2F 2-2: Foul Ball, location: 2F 2-2: DOUBLE (Line Drive, 9LS, EV 105.0 MPH)
|
|
Batting: RHB Yorkis Saiki
|
0-0: Ball Hank Arias is caught stealing 3rd base 2-5 1-0: Foul Ball, location: 2F 1-1: Swinging Strike 1-2: Strikes out looking
|
| Bottom of the 11th over - 0 runs, 1 hit, 0 errors, 0 left on base; West Virginia 3 - Peoria 3 |
| TOP OF THE 12TH |
|
West Virginia Power batting - Pitching for Peoria Chiefs : LHP John Grinter
|
|
Pitching: LHP Kevin Turner
|
|
|
Batting: RHB Freddy Quintero
|
0-0: Called Strike 0-1: Foul Ball, location: 2F 0-2: Strikes out swinging
|
|
Batting: SHB Mike Corley
|
0-0: Foul Ball, location: 2F 0-1: DOUBLE (Groundball, 5L, EV 93.8 MPH)
|
|
Batting: LHB Donald Imre
|
0-0: Ball 1-0: Foul Ball, location: 2F 1-1: Ball 2-1: Ball 3-1: Foul Ball, location: 2F 3-2: Fly out, F9 (Flyball, 89S, EV 89.4 MPH)
|
|
Batting: RHB Roberto Guzman
|
0-0: Intentional Walk
|
|
Batting: LHB Brandon Sarni
|
0-0: Called Strike 0-1: Ball 1-1: Foul Ball, location: 2F 1-2: Ball 2-2: Strikes out swinging
|
| Top of the 12th over - 0 runs, 1 hit, 0 errors, 2 left on base; West Virginia 3 - Peoria 3 |
| BOTTOM OF THE 12TH |
|
Peoria Chiefs batting - Pitching for West Virginia Power : RHP Franklin Amaro
|
|
Pitching: RHP Shinya Ito
|
|
|
Batting: RHB Fortunato Fteira
|
0-0: Ball 1-0: SINGLE (Groundball, 56D, EV 96.2 MPH)
|
|
Batting: RHB Richard Riggs
|
0-0: Called Strike Fortunato Fteira steals 2nd base 0-1: Swinging Strike 0-2: Ball 1-2: Foul Ball, location: 2F 1-2: Strikes out swinging
|
|
Batting: RHB Joe Alley
|
0-0: Called Strike 0-1: Swinging Strike 0-2: Strikes out swinging
|
|
Batting: RHB Tyler Walker
|
0-0: Intentional Walk
|
|
Batting: RHB Josh Broome
|
0-0: Ball 1-0: Ball 2-0: Ball 3-0: Called Strike 3-1: Base on Balls Fortunato Fteira to third Tyler Walker to second
|
|
Batting: RHB Tim Cleary
|
0-0: Ball 1-0: Foul Ball, location: 2F 1-1: Swinging Strike 1-2: Ball 2-2: Strikes out looking
|
| Bottom of the 12th over - 0 runs, 1 hit, 0 errors, 3 left on base; West Virginia 3 - Peoria 3 |
| TOP OF THE 13TH |
|
West Virginia Power batting - Pitching for Peoria Chiefs : LHP Kevin Turner
|
|
Batting: RHB Jose Lozano
|
0-0: Foul Ball, location: 2F 0-1: Ball 1-1: Foul Ball, location: 2F 1-2: Strikes out swinging
|
|
Batting: RHB Steve Dennis
|
0-0: Ball 1-0: Swinging Strike 1-1: Called Strike 1-2: Ball 2-2: Fly out, F8 (Flyball, 8RM, EV 90.6 MPH)
|
|
Batting: LHB Joe Hoover
|
0-0: Bunt missed! 0-1: Ball 1-1: Ball 2-1: Ball 3-1: Foul Ball, location: 2F 3-2: Base on Balls
|
|
Batting: RHB Richard Barrios
|
0-0: Called Strike Joe Hoover is caught stealing 2nd base 2-4
|
| Top of the 13th over - 0 runs, 0 hits, 0 errors, 0 left on base; West Virginia 3 - Peoria 3 |
| BOTTOM OF THE 13TH |
|
Peoria Chiefs batting - Pitching for West Virginia Power : RHP Shinya Ito
|
|
Pitching: RHP Fred McIlrath
|
|
|
Batting: RHB Tommy Tracy
|
0-0: Swinging Strike 0-1: Ball 1-1: Called Strike 1-2: Ball 2-2: Foul Ball, location: 2F 2-2: Strikes out swinging
|
|
Batting: SHB Hank Arias
|
0-0: Called Strike 0-1: Ball 1-1: Foul Ball, location: 2F 1-2: Ground out 6-3 (Groundball, 6, EV 83.8 MPH)
|
|
Batting: RHB Yorkis Saiki
|
0-0: Ball 1-0: Called Strike 1-1: Ground out 6-3 (Groundball, 6S, EV 88.1 MPH)
|
| Bottom of the 13th over - 0 runs, 0 hits, 0 errors, 0 left on base; West Virginia 3 - Peoria 3 |
| TOP OF THE 14TH |
|
West Virginia Power batting - Pitching for Peoria Chiefs : LHP Kevin Turner
|
|
Batting: RHB Richard Barrios
|
0-0: Foul Ball, location: 2F 0-1: Called Strike 0-2: Ball 1-2: SINGLE (Groundball, 6MD, EV 96.2 MPH)
|
|
Batting: RHB Freddy Quintero
|
0-0: Ball 1-0: Ball 2-0: Fly out, F7 (Line Drive, 7S, EV 96.9 MPH)
|
|
Batting: SHB Mike Corley
|
0-0: Ball Richard Barrios steals 2nd base 1-0: Intentional Walk
|
|
Batting: LHB Donald Imre
|
0-0: Ball 1-0: Called Strike 1-1: Fielders Choice at 2nd, 6-4 (Groundball, 56, EV 104.4 MPH) Richard Barrios to third
|
|
Batting: RHB Roberto Guzman
|
0-0: Swinging Strike 0-1: Foul Ball, location: 2F 0-2: Foul Ball, location: 2F 0-2: Ball 1-2: Foul Ball, location: 2F 1-2: Ball 2-2: Strikes out swinging
|
| Top of the 14th over - 0 runs, 1 hit, 0 errors, 2 left on base; West Virginia 3 - Peoria 3 |
| BOTTOM OF THE 14TH |
|
Peoria Chiefs batting - Pitching for West Virginia Power : RHP Fred McIlrath
|
|
Batting: RHB Fortunato Fteira
|
0-0: Called Strike 0-1: Ball 1-1: Foul Ball, location: 2F 1-2: Foul Ball, location: 2F 1-2: Ball 2-2: Foul Ball, location: 2F 2-2: Foul Ball, location: 2F 2-2: Ball 3-2: SINGLE (Groundball, 6S, EV 68.1 MPH) (infield hit)
|
|
Batting: RHB Richard Riggs
|
0-0: Swinging Strike 0-1: Foul Ball, location: 2F 0-2: Strikes out swinging
|
|
Batting: RHB Joe Alley
|
0-0: Ball 1-0: Ball Fortunato Fteira steals 2nd base 2-0: Called Strike 2-1: Ball 3-1: Foul Ball, location: 2F 3-2: Strikes out looking
|
|
Batting: RHB Tyler Walker
|
0-0: Intentional Walk
|
|
Pitching: RHP Justin Smart
|
|
|
Batting: RHB Josh Broome
|
0-0: Fly out, F8 (Flyball, 8RS, EV 98.8 MPH)
|
| Bottom of the 14th over - 0 runs, 1 hit, 0 errors, 2 left on base; West Virginia 3 - Peoria 3 |
| TOP OF THE 15TH |
|
West Virginia Power batting - Pitching for Peoria Chiefs : LHP Kevin Turner
|
|
Pitching: RHP Andrew Ray
|
|
|
Batting: LHB Brandon Sarni
|
0-0: Ball 1-0: Ball 2-0: Called Strike 2-1: Ball 3-1: Called Strike 3-2: Ground out 4-3 (Groundball, 34, EV 85.0 MPH)
|
|
Batting: RHB Jose Lozano
|
0-0: SOLO HOME RUN (Flyball, 7LD, EV 98.1 MPH), Distance : 340 ft
|
|
Batting: RHB Steve Dennis
|
0-0: Called Strike 0-1: Ball 1-1: Foul Ball, location: 2F 1-2: Ball 2-2: Strikes out swinging
|
|
Batting: LHB Joe Hoover
|
0-0: Foul Ball, location: 2F 0-1: Foul Ball, location: 2F 0-2: Ball 1-2: Hit by Pitch
|
|
Batting: RHB Richard Barrios
|
0-0: Called Strike 0-1: Ball Joe Hoover steals 2nd base 1-1: Foul Ball, location: 2F 1-2: Ground out 5-3 (Groundball, 56S, EV 84.4 MPH)
|
| Top of the 15th over - 1 run, 1 hit, 0 errors, 1 left on base; West Virginia 4 - Peoria 3 |
| BOTTOM OF THE 15TH |
|
Peoria Chiefs batting - Pitching for West Virginia Power : RHP Justin Smart
|
|
Batting: RHB Tim Cleary
|
0-0: DOUBLE (Flyball, 89XD, EV 98.8 MPH)
|
|
Batting: RHB Tommy Tracy
|
0-0: Called Strike 0-1: Swinging Strike 0-2: Foul Ball, location: 2F 0-2: Strikes out swinging
|
|
Batting: SHB Hank Arias
|
0-0: Foul Ball, location: 2F 0-1: Called Strike 0-2: DOUBLE (Flyball, 8RXD, EV 95.6 MPH) Tim Cleary scores
|
|
Batting: RHB Yorkis Saiki
|
0-0: Called Strike Hank Arias steals 3rd base (no throw) 0-1: SINGLE (Groundball, 56, EV 100.0 MPH) (infield hit) Hank Arias scores
|
| Bottom of the 15th over - 2 runs, 3 hits, 0 errors, 1 left on base; West Virginia 4 - Peoria 5 |
|